 Dungeon Crawl Stone Soup version 0.30-a0-777-ga9a30cbeda (webtiles) character file.

Game seed: 14183879548573356876

123 Flugslaktarn the Trooper (level 5, -3/37 HPs)
             Began as an Octopode Fighter on Feb 13, 2023.
             Slain by an iguana (4 damage)
             ... on level 4 of the Dungeon.
             The game lasted 00:01:22 (2247 turns).

Flugslaktarn the Trooper (Octopode Fighter)         Turns: 2247, Time: 00:01:22

Health: -3/37      AC:  1    Str: 16    XL:     5   Next: 7%
Magic:  5/5        EV: 13    Int: 16    God:
Gold:   111        SH:  5    Dex: 13    Spells: 4/4 levels left

rFire   . . .      SeeInvis .    a - +0 war axe
rCold   . . .      Faith    .    b - +0 buckler
rNeg    . . .      Spirit   .    (helmet restricted)
rPois   .          Reflect  .    (no amulet)
rElec   .          Harm     .    f - +6 ring of intelligence
rCorr   .          Rampage  .    (no ring)
Will    .....                    (no ring)
Stlth   ++                       (no ring)
HPRegen 0.26/turn                (no ring)
MPRegen 0.09/turn                (no ring)
                                 (no ring)
                                 (no ring)

@: lethally poisoned (-3 -> -7)
A: almost no armour, amphibious, 8 rings, camouflage 1, gelatinous body 1,
(nimble swimmer 1), tentacles
a: no special abilities


You were on level 4 of the Dungeon.
You visited 1 branch of the dungeon, and saw 4 of its levels.

You collected 137 gold pieces.
You spent 26 gold pieces at shops.

Inventory:

Hand Weapons
 a - a +0 war axe (weapon)
Armour
 b - a +0 buckler (worn)
Jewellery
 f - a +6 ring of intelligence (left tentacle)
   (You found it on level 1 of the Dungeon)
 l - an amulet of the acrobat
   (You took it off a kobold on level 2 of the Dungeon)
 m - a ring of flight
   (You found it on level 2 of the Dungeon)
 n - an amulet of magic regeneration
   (You found it on level 2 of the Dungeon)
Scrolls
 e - a scroll of torment
 h - 2 scrolls of magic mapping {unknown}
 k - a scroll of summoning {unknown}
 p - a scroll of fog {unknown}
 r - a scroll of identify
 t - a scroll of teleportation
Potions
 c - a potion of invisibility {unknown}
 d - 2 potions of might
 g - a potion of flight {unknown}
 i - a potion of attraction {unknown}
 j - a potion of magic {unknown}
 o - a potion of degeneration {unknown}
 q - a potion of curing


   Skills:
 + Level 3.7 Fighting
 * Level 3.5 Axes
 + Level 3.5 Dodging
 + Level 3.6 Shields


You had 4 spell levels left.
You didn't know any spells.
Your spell library was empty.

Dungeon Overview and Level Annotations

Branches:
Dungeon (4/15)
 Temple: D:4-7

Altars:
Ashenzari
Okawaru
Sif Muna
Xom
Zin

Shops:
D:1 *

Annotations:
D:3 1 runed translucent door, Crazy Yiuf


Innate Abilities, Weirdness & Mutations

You cannot wear most types of armour.
You are amphibious.
You can wear up to eight rings at the same time.
Your skin changes colour to match your surroundings (Stealth+).
Your rubbery body absorbs attacks. (AC +1, EV +1)
((You are camouflaged when in or above water. (Stealth+)))
You have tentacles for arms and can constrict up to eight enemies at once.


Message History

You enter the deep water.
Could not explore, unopened runed door.
Could not explore, unopened runed door.
Could not explore, unopened runed door.
(D) Dungeon
Where to? (Enter - D:3, ? - help)
You enter the deep water.
There is a stone staircase leading down here.
You climb downwards.
Found 5 stones, 19 gold pieces and a bone mace.
There is a stone staircase leading up here.
You see here 2 stones.
You now have 111 gold pieces (gained 19).
You see here the +10 mace "Pinwymmy" {spect, rC+ Str+3 Dex-2}.
An endoplasm comes into view.
An endoplasm is nearby!
An endoplasm is nearby!
The helpless endoplasm fails to defend itself.
You slash the endoplasm!
You kill the endoplasm!
No target in view!
No target in view!
No target in view! 2 gnolls come into view.
There are monsters nearby!
There are monsters nearby! 2 gnolls come into view.
An orc comes into view. It is wielding a +0 whip.
The gnoll shouts! x3; You hear a bark!
The gnoll completely misses you. The gnoll hits you with a +0 spear.
The gnoll hits you with a +0 halberd!
The orc shouts!
You barely miss the gnoll. You grab the gnoll. You squeeze the gnoll!
The gnoll is almost dead.
You barely miss the gnoll.
You constrict the gnoll, but do no damage.
A hound comes into view.
The gnoll hits you from afar with a +0 spear.
The gnoll barely misses you. You block the gnoll's attack.
You slash the gnoll!
You kill the gnoll!
You hit the orc but do no damage. You closely miss the gnoll.
You block the gnoll's attack. The orc hits you with a +0 whip.
The gnoll hits you but does no damage. The orc hits you with a +0 whip.
The gnoll barely misses you.
The gnoll hits you from afar with a +0 spear.
* * * LOW HITPOINT WARNING * * *
You have reached level 5!
You feel stronger.
It was a potion of curing.
You feel better.
q - a potion of curing;
j - a smoky cyan potion The gnoll hits you with a +0 club.
As you read the scroll of teleportation, it crumbles to dust.
You feel strangely unstable. The gnoll hits you with a +0 club.
* * * LOW HITPOINT WARNING * * *
Unknown command.
The gnoll attacks as you move away! The gnoll barely misses you.
Your surroundings suddenly seem different.
An endoplasm, a goblin, a kobold and an iguana come into view.
The kobold is wielding a +0 short sword and quivering poisoned darts.
The endoplasm quivers.
The iguana hisses angrily.
The goblin shouts!
The kobold shouts!
The kobold throws a poisoned dart.
You block the poisoned dart. The iguana bites you!
* * * LOW HITPOINT WARNING * * *
You are too injured to fight recklessly!
You are too injured to fight recklessly!
You hit the iguana but do no damage. You grab the iguana.
You squeeze the iguana, but do no damage.
You hit the goblin.
You kill the goblin!
You constrict the iguana, but do no damage.
The iguana barely misses you.
You hit the iguana.
The iguana is moderately wounded.
You hit the endoplasm.
You constrict the iguana, but do no damage.
The iguana misses you.
An endoplasm comes into view.
The endoplasm hits you but does no damage.
You hit the iguana.
You squeeze the iguana, but do no damage.
The iguana is heavily wounded.
You hit the endoplasm.
You kill the endoplasm!
You constrict the iguana. The iguana closely misses you.
The kobold throws a poisoned dart.
The poisoned dart hits you!
You are lethally poisoned!
The kobold throws a poisoned dart.
The poisoned dart barely misses you. The iguana misses you.
Unknown command.
You hit the iguana.
You tentacle-slap the iguana, but do no damage.
You squeeze the iguana, but do no damage.
The iguana is severely wounded.
You constrict the iguana.
* * * LOW HITPOINT WARNING * * *
You feel very sick. The iguana bites you.
You die...

..#####
.......#####
#..K@.#
#..l).#
.........#
####J....#
#.....#
..##### ###


You could see an iguana, an endoplasm and a kobold.

Vanquished Creatures
  4 adders
  A gnoll (D:4)
  A worm (D:2)
  5 orcs (D:3)
  4 ball pythons
  8 bats
  8 endoplasms
  6 giant cockroaches
  2 goblins
  10 hobgoblins
  3 quokkas
  2 frilled lizards
  5 kobolds
  6 rats
65 creatures vanquished.

Notes
Turn   | Place    | Note
-------+----------+-------------------------------------------
     0 | D:1      | Flugslaktarn the Octopode Fighter began the quest for the
                  | Orb.
     0 | D:1      | Reached XP level 1. HP: 16/16 MP: 1/1
   176 | D:1      | Reached XP level 2. HP: 14/21 MP: 2/2
   551 | D:1      | Found Aleehyen's General Store.
   594 | D:1      | Bought a scroll of identify for 26 gold pieces
   629 | D:1      | Found a faded altar of an unknown god.
   635 | D:1      | Reached XP level 3. HP: 26/26 MP: 3/3
  1128 | D:2      | Reached XP level 4. HP: 27/31 MP: 4/4
  1718 | D:3      | Found a shimmering blue altar of Sif Muna.
  1719 | D:3      | Found a broken altar of Ashenzari.
  1912 | D:3      | Found a glowing silver altar of Zin.
  1947 | D:3      | Found a runed translucent door.
  1948 | D:3      | Noticed Crazy Yiuf
  2064 | D:3      | Found a white marble altar of Elyvilon.
  2066 | D:3      | Found an opulent altar of Gozag.
  2066 | D:3      | Found a shimmering altar of Xom.
  2068 | D:3      | Found an iron altar of Okawaru.
  2068 | D:3      | Found an iron altar of Okawaru.
  2068 | D:3      | Found a shimmering blue altar of Sif Muna.
  2207 | D:4      | Identified the +10 mace "Pinwymmy" {spect, rC+ Str+3 Dex-2}
  2235 | D:4      | Reached XP level 5. HP: 6/37 MP: 5/5
  2247 | D:4      | HP: 1/37 [poisoned by a kobold]
  2247 | D:4      | Slain by an iguana

Illustrated notes

Levels and vault maps discovered:
D:1:      kennysheep_arrival_seaside, layout_loops_ring, serial_shops,
          nicolae_shop_trees, basic_ecumenical_altar
D:2:      kennysheep_six_static_rooms, layout_rooms, minivault_26,
          minmay_misc_feat_doors, minmay_tree_intersection,
          roderic_filled_cross, grunt_decor_fettered, minmay_fountain_box,
          serial_bayou_pond_b
D:3:      layout_basic, doesnt_xom_only_xom, mainiacjoe_overflow_tiny_flanked,
          nicolae_overflow_two_pavilions, uniq_crazy_yiuf_cottage
D:4:      layout_loops_cross

Skill      XL: |  1  2  3 |
---------------+----------+-----
Axes           | 3 |  3.5
Fighting       | |  3.7
Dodging        | |  3.5
Shields        | |  3.6

Action                     |  1- 3 |  4- 6 || total
---------------------------+-------+-------++-------
  Melee: War axe           |    65 |    57 ||   122
         Constrict         |    16 |    12 ||    28
         Tentacles         |     6 |     8 ||    14
         Punch             |       |     1 ||     1
    Use: Scroll            |     2 |     1 ||     3
         Potion            |       |     1 ||     1
   Stab: Sleeping          |     6 |     8 ||    14
 Armour: Skin              |     4 |     4 ||     8
  Dodge: Dodged            |    33 |    38 ||    71
  Block: Buckler           |    14 |    14 ||    28

Table legend: (Time is in decaauts)
 A = Elapsed time spent in this place.
 B = Non-inter-level travel time spent in this place.
 C = Inter-level travel time spent in this place.
 D = Time resting spent in this place.
 E = Time spent auto-exploring this place.
 F = Levels seen in this place.
 G = Mean time per level.
                   A        B        C        D        E       F      G
               +--------+--------+--------+--------+--------+-----+--------+
         Total |   2293 |   2198 |     95 |     39 |   1712 |   4 |  573.2 |
       Dungeon |   2293 |   2198 |     95 |     39 |   1712 |   4 |  573.2 |
               +--------+--------+--------+--------+--------+-----+--------+

Top non-repeatable levels by time:
     D:1: 803 daAuts
     D:3: 731 daAuts
     D:2: 709 daAuts
     D:4: 48 daAuts
